cohdb
Replays
Latest Replays
All Replays
Popular Replays
Top Player Replays
Match Explorer
How It Works
Community
CoH3 Stats
Reddit
Sign in to upload your games and track your stats! →
Sign in with Steam
Match 41972685
Unlisted
Match 41972685
Overview
Messages
Build Orders
End
Kradschützen Motorcycle Team
Panzergrenadier Squad
Panzergrenadier Squad
Panzergrenadier Squad
Selects Panzerjäger Kommand Battlegroup
Selects Mine Fields
Construct Light Support Kompanie
Fire Support Elements
Flakvierling Half-track
Panzerjäger Mechanized Group
Selects Defensive Positions
Selects Tank Busters
Vehicle Survival Package
2.5-tonne Medical Truck
Panzerjäger Squad
Selects Crew Shock Tactics
Construct Panzerarmee Kommand
Panzer III L Medium Tank
Emergency Repair Kits
Panzer III L Medium Tank
Rapid Advance
Selects Anti-tank Overwatch
Walking Stuka Rocket Launcher
Havoc
Nostalgi@
0
0
Comments
sign in to comment!
No comments posted yet!